 Dungeon Crawl Stone Soup version 0.22-a0-815-gb582571 (webtiles) character file.

30630 vineage the Fighter (level 13, -3/113 HPs)
             Began as a Formicid Fighter on July 23, 2018.
             Was the Champion of Cheibriados.
             Slain by a seven-headed hydra (5 damage)
             ... on level 15 of the Dungeon.
             The game lasted 00:20:15 (11647 turns).

vineage the Fighter (Formicid Fighter)             Turns: 11647, Time: 00:20:15

Health: -3/113     AC: 12    Str: 45    XL:     13   Next: 90%
Magic:  2/4        EV: 12    Int: 23    God:    Cheibriados [******]
Gold:   641        SH: 18    Dex: 32    Spells: 12/12 levels left

rFire    . . .     SeeInvis +   L - +2 battleaxe (antimagic)
rCold    . . .     Gourm    .   c - +1 shield
rNeg     . . .     Faith    .   y - +4 ring mail of Zin's Generosity {Dex+4}
rPois    .         Spirit   .   (helmet unavailable)
rElec    .         Reflect  .   (no cloak)
rCorr    .         Harm     .   n - +0 pair of gloves
MR       +....                  (no boots)
Stlth    ++........             D - amulet of regeneration
HPRegen  0.68/turn              p - +2 ring of strength
MPRegen  0.09/turn              M - +1 ring of evasion

@: mighty, drained, very slow
A: permanent stasis, dig shafts and tunnels, four strong arms, antennae 3,
hooves 1
a: Dig, Shaft Self, Bend Time, Temporal Distortion, Slouch, Step From Time,
Renounce Religion


You were on level 15 of the Dungeon.
You worshipped Cheibriados.
Cheibriados was exalted by your worship.
You were hungry.

You visited 2 branches of the dungeon, and saw 16 of its levels.

You collected 848 gold pieces.
You spent 207 gold pieces at shops.

Inventory:

Hand Weapons
 A - a +2 battleaxe of chopping
 L - a +2 antimagic battleaxe (weapon)
Armour
 b - a +0 scale mail
 c - a +1 shield (worn)
 n - a +0 pair of gloves (worn)
 y - the +4 ring mail of Zin's Generosity (worn) {Dex+4}
   (You bought it in a shop on level 4 of the Dungeon)

   It affects your dexterity (+4).
Jewellery
 p - a +2 ring of strength (left hand)
 w - an uncursed ring of protection from cold
 D - an amulet of regeneration (around neck)
 M - a +1 ring of evasion (right hand)
Wands
 a - a wand of flame (30)
 e - a wand of disintegration (11)
 i - a wand of polymorph (33)
 x - a wand of enslavement (4)
 C - a wand of iceblast (27)
 G - a wand of paralysis (11)
 I - a wand of acid (10)
Scrolls
 h - 5 scrolls of remove curse
 k - 2 scrolls of fear
 o - 4 scrolls of amnesia
 s - 3 scrolls of enchant armour
 u - 2 scrolls of fog
 E - a scroll of blinking {unknown}
 F - 3 scrolls of identify
 K - a scroll of immolation {unknown}
Potions
 g - 3 potions of agility
 j - 3 potions of ambrosia
 l - a potion of cancellation
 m - 2 potions of brilliance
 q - 2 potions of heal wounds
 r - 2 potions of haste
 t - 5 potions of curing
 v - 4 potions of lignification
 z - 2 potions of invisibility
 B - 3 potions of magic
 H - a potion of berserk rage
Miscellaneous
 J - a crystal ball of energy
 N - a phantom mirror
Comestibles
 f - 25 rations


   Skills:
 + Level 14.2(13.0) Fighting
 + Level 13.0(11.9) Axes
 + Level 10.8(9.8) Armour
 + Level 11.6(10.5) Shields


You had 12 spell levels left.
You didn't know any spells.
Your spell library contained the following spells:

 Spells                   Type           Power        Failure   Level  Hunger
 Conjure Flame            Conj/Fire      #.......     50%         3    ####...
 Freezing Cloud           Conj/Ice/Air   #.........   100%        6    #######
 Mephitic Cloud           Conj/Pois/Air  #.......     50%         3    ####...
 Ring of Flames           Chrm/Fire      #.........   100%        7    #######
 Poisonous Vapours        Pois/Air       #.....       28%         2    ###....


Dungeon Overview and Level Annotations

Branches:
Dungeon (15/15)            Temple (1/1) D:6            Lair (0/6) D:9
    Orc (0/2) D:11         Vaults (0/5) D:14
 Depths: D:15

Altars:
Cheibriados
Dithmenos
Elyvilon
Fedhas
Hepliaklqana
Kikubaaqudgha
Makhleb
Nemelex Xobeh
Okawaru
Ru
Sif Muna
Trog
Uskayaw
Vehumet
Wu Jian
Xom
Yredelemnul
Zin
The Shining One

Shops:
D:4 *[(*%   D:7 ?   D:11 ?


Innate Abilities, Weirdness & Mutations

You cannot be hasted, slowed, berserked, paralysed or teleported.
You can dig through walls and to a lower floor.
Your four strong arms can wield two-handed weapons with a shield.
You have a pair of large antennae on your head. (SInv)
You have large cloven feet.


Message History

The seven-headed hydra bites you but does no damage.
You block the seven-headed hydra's attack.
The seven-headed hydra bites you!
* * * LOW HITPOINT WARNING * * *
The seven-headed hydra bites you!
* * * LOW HITPOINT WARNING * * *
The seven-headed hydra bites you.
* * * LOW HITPOINT WARNING * * *
The seven-headed hydra bites you.
* * * LOW HITPOINT WARNING * * *
You block the seven-headed hydra's attack.
The seven-headed hydra bites you.
* * * LOW HITPOINT WARNING * * *
You block the seven-headed hydra's attack.
The seven-headed hydra bites you!
* * * LOW HITPOINT WARNING * * *
The seven-headed hydra bites you.
* * * LOW HITPOINT WARNING * * *
The seven-headed hydra bites you.
You die...

##..).# ####.....#
##...#####........#
...#.###...##.....#
#........####.....#
..###.#### ##.....#
.## #.# #.o##### .
#.# #.#o## # #..
#{{#D## ##. #{###@#
#. #{# ### . .{{{
..{.. .......
{.........
...........
.............


You could see a seven-headed hydra, an orc sorcerer and an orc warrior.

Vanquished Creatures
  Rupert (D:13)
  Erolcha (D:11)
  Harold (D:9)
  A catoblepas (D:14)
  2 centaur warriors
  A hydra (D:14)
  A death knight (D:14)
  2 dancing weapons (D:14)
  3 two-headed ogres
  3 unseen horrors
  Pikel (D:4)
  2 deep elf magi (D:14)
  A cyclops (D:11)
  An ugly thing (D:11)
  Maurice (D:8)
  Psyche (D:10)
  3 centaur skeletons
  2 gargoyles
  A kobold demonologist (D:12)
  An efreet (D:13)
  A komodo dragon (D:9)
  5 trolls
  3 meliai (D:14)
  A raiju (shapeshifter) (D:13)
  A hippogriff (D:7)
  Sigmund (D:6)
  A shadow (D:14)
  A wyvern (shapeshifter) (D:13)
  2 wraiths
  Grum (D:10)
  A wyvern (D:10)
  9 yaks
  4 steam dragons
  2 hungry ghosts
  A soldier ant (D:12)
  5 sky beasts
  A hornet zombie (D:11)
  3 ice beasts
  3 phantoms
  12 orc warriors
  An eye of draining (D:10)
  A slave (D:4)
  4 ogres
  2 black bears
  2 necrophages
  15 centaurs
  3 wolves (D:10)
  2 crocodiles
  A big kobold (D:11)
  6 bullfrogs
  Blork the orc (D:4)
  3 scorpions
  7 killer bees
  4 howler monkeys
  18 wights
  2 crimson imps
  3 bullfrog zombies (D:12)
  3 centaur zombies
  5 orc priests
  6 hounds
  A jelly (D:6)
  A quasit (D:11)
  16 orc wizards
  2 bullfrog skeletons
  Natasha (thrice) (D:2)
  6 iguanas
  3 worker ants
  Robin (D:2)
  13 adders
  4 gnolls (D:8)
  3 shadow imps
  An adder skeleton (D:4)
  An adder zombie (D:7)
  A worm (D:3)
  3 dart slugs
  4 leopard geckos
  73 orcs
  A ball python (D:2)
  7 bats
  6 giant cockroaches
  10 hobgoblins
  25 jackals
  6 kobolds
  4 quokkas
  4 frilled lizards
  16 goblins
  A jackal zombie (D:6)
  A leopard gecko skeleton (D:4)
  8 rats
402 creatures vanquished.

Vanquished Creatures (others)
  A centaur skeleton (D:12)
  A scorpion (D:4)
  2 orc wizards
  An orc (D:4)
  A giant cockroach (D:4)
  2 plants (D:9)
8 creatures vanquished.

Grand Total: 410 creatures vanquished

Notes
Turn   | Place    | Note
-------+----------+-------------------------------------------
     0 | D:1      | vineage the Formicid Fighter began the quest for the Orb.
     0 | D:1      | Reached XP level 1. HP: 18/18 MP: 1/1
   162 | D:1      | Reached XP level 2. HP: 22/24 MP: 2/2
   723 | D:2      | Reached XP level 3. HP: 30/30 MP: 3/3
   741 | D:2      | Noticed Natasha
   747 | D:2      | Killed Natasha
   747 | D:2      | Reached skill level 4 in Fighting
   747 | D:2      | Reached XP level 4. HP: 33/37 MP: 4/4
   844 | D:2      | Noticed Robin
   865 | D:2      | Killed Robin
  1074 | D:2      | Found a hazy altar of Hepliaklqana.
  1167 | D:2      | Noticed Natasha
  1181 | D:2      | Killed Natasha
  1181 | D:2      | Reached XP level 5. HP: 23/43 MP: 5/5
  1320 | D:2      | Noticed Natasha
  1326 | D:2      | Killed Natasha
  1353 | D:2      | Reached skill level 5 in Fighting
  1405 | D:2      | Found a deep blue altar of Sif Muna.
  1490 | D:3      | Found a white marble altar of Elyvilon.
  1696 | D:3      | Gained mutation: You are weak. (Str -2) [potion of mutation]
  1696 | D:3      | Lost mutation: You are weak. (Str -2) [potion of mutation]
  1696 | D:3      | Gained mutation: You have large cloven feet. [potion of mutation]
  1748 | D:3      | Reached XP level 6. HP: 40/51 MP: 6/6
  2292 | D:3      | Found a bloodstained altar of Trog.
  2365 | D:3      | Found a burning altar of Makhleb.
  2367 | D:3      | Reached skill level 6 in Fighting
  2515 | D:4      | Found Bur Joapp's Food Shop.
  2541 | D:4      | Reached skill level 5 in Axes
  2549 | D:4      | Reached XP level 7. HP: 47/58 MP: 7/7
  2673 | D:4      | Found Cilioth's Weapon Shop.
  2777 | D:4      | Found Benank's Assorted Antiques.
  2851 | D:4      | Noticed Pikel
  2875 | D:4      | Killed Pikel
  2875 | D:4      | Reached skill level 7 in Fighting
  2875 | D:4      | Reached XP level 8. HP: 35/68 MP: 8/8
  3068 | D:4      | Noticed Blork the orc
  3073 | D:4      | Killed Blork the orc
  3136 | D:4      | Found Loeciojo's Antique Armour Shop.
  3137 | D:4      | Found Boxatalisch's Assorted Antiques.
  3141 | D:4      | Bought a translucent ring mail for 207 gold pieces
  3189 | D:4      | Identified the +4 ring mail of Zin's Generosity {Dex+4} (You bought it in a shop on level 4 of the Dungeon)
  3328 | D:5      | Entered Level 5 of the Dungeon
  3334 | D:5      | Reached skill level 8 in Fighting
  3844 | D:5      | Reached XP level 9. HP: 69/75 MP: 9/9
  4348 | D:6      | Found a staircase to the Ecumenical Temple.
  4363 | Temple   | Entered the Ecumenical Temple
  4366 | Temple   | Reached skill level 9 in Fighting
  4442 | Temple   | Became a worshipper of Cheibriados the Contemplative
  4509 | D:6      | Found a glowing silver altar of Zin.
  4546 | D:6      | Noticed a troll
  4556 | D:6      | Killed a troll
  4615 | D:6      | Reached skill level 10 in Fighting
  4879 | D:6      | Noticed Sigmund
  4884 | D:6      | Killed Sigmund
  4935 | D:6      | Reached * piety under Cheibriados
  5109 | D:6      | Found a glowing golden altar of the Shining One.
  5495 | D:7      | Reached XP level 10. HP: 86/86 MP: 10/10
  5719 | D:7      | Found Ymaug's Magic Scroll Boutique.
  5977 | D:8      | Noticed a two-headed ogre
  5983 | D:8      | Killed a two-headed ogre
  5983 | D:8      | Reached skill level 11 in Fighting
  5983 | D:8      | Reached skill level 10 in Axes
  5983 | D:8      | Reached skill level 5 in Shields
  6015 | D:8      | Noticed Maurice
  6022 | D:8      | Reached ** piety under Cheibriados
  6027 | D:8      | Killed Maurice
  6027 | D:8      | Reached skill level 5 in Armour
  6175 | D:8      | Noticed a two-headed ogre
  6183 | D:8      | Killed a two-headed ogre
  6209 | D:8      | Reached XP level 11. HP: 65/93 MP: 11/11
  6817 | D:9      | Reached *** piety under Cheibriados
  6934 | D:9      | Noticed Harold
  6940 | D:9      | Killed Harold
  7067 | D:9      | Found a staircase to the Lair.
  7273 | D:10     | Entered Level 10 of the Dungeon
  7318 | D:10     | Noticed Psyche
  7332 | D:10     | Reached skill level 12 in Fighting
  7339 | D:10     | Killed Psyche
  7376 | D:10     | Noticed Grum
  7390 | D:10     | Killed Grum
  7392 | D:10     | Reached **** piety under Cheibriados
  7673 | D:10     | Noticed a two-headed ogre
  7676 | D:10     | Killed a two-headed ogre
  7987 | D:11     | Noticed an unseen horror
  7988 | D:11     | Noticed a purple ugly thing
  7996 | D:11     | Killed an unseen horror
  7996 | D:11     | Reached XP level 12. HP: 100/103 MP: 12/12
  8077 | D:11     | Reached ***** piety under Cheibriados
  8194 | D:11     | Found a staircase to the Orcish Mines.
  8325 | D:11     | Found Mowikask's Magic Scroll Emporium.
  8641 | D:11     | Noticed Erolcha
  8650 | D:11     | Killed Erolcha
  8650 | D:11     | Reached skill level 13 in Fighting
  9116 | D:12     | Noticed an unseen horror
  9125 | D:12     | Killed an unseen horror
  9125 | D:12     | Reached ****** piety under Cheibriados
  9125 | D:12     | Reached skill level 10 in Shields
  9714 | D:13     | Reached XP level 13. HP: 111/111 MP: 13/13
  9990 | D:13     | Noticed Rupert
 10003 | D:13     | Killed Rupert
 10139 | D:13     | Noticed a centaur warrior
 10144 | D:13     | Reached skill level 10 in Armour
 10149 | D:13     | Killed a centaur warrior
 10609 | D:14     | Noticed a four-headed hydra
 10618 | D:14     | Killed an eight-headed hydra
 10661 | D:14     | Noticed a catoblepas
 10665 | D:14     | Killed a catoblepas
 10894 | D:14     | Noticed a centaur warrior
 10897 | D:14     | Killed a centaur warrior
 10969 | D:14     | Reached skill level 14 in Fighting
 11197 | D:14     | Found a gate to the Vaults.
 11460 | D:15     | Entered Level 15 of the Dungeon
 11635 | D:15     | Noticed a five-headed hydra
 11647 | D:15     | HP: 2/113 [seven-headed hydra (6)]
 11647 | D:15     | Slain by a seven-headed hydra

Vault maps used:
D:1:      dpeg_arrival_round_b, serial_bayou_pond_b
D:2:      led_sif_pool, marbit_many_paths, uniq_robin, uniq_natasha
D:3:      kennysheep_six_static_rooms, old_standard_altar, lemuel_crystal_altar,
          makhleb_blood_cavern_becter, st_stairs_8
D:4:      first_ration, serial_shops, shop, nicolae_shop_overgrown_old_shop,
          nicolae_shop_crystal, shop, nicolae_shop_trees, uniq_pikel,
          uniq_blork_the_orc
D:5:      kennysheep_steamy, grunt_decor_resistance
D:6:      nicolae_tso_carved_into_rock, lemuel_coloured_pillars_altar,
          minmay_temple_entry_nine_rooms, minmay_crossroads, uniq_sigmund
D:7:      serial_shops, shop_scrolls
D:8:      uniq_maurice
D:9:      david_lair_shrubbed, uniq_harold
D:10:     uniq_psyche, uniq_grum
D:11:     hiddenorc1_lemuel, serial_shops, shop, blue_anna_alchemist,
          uniq_erolcha
D:13:     uniq_rupert
D:14:     erik_vaults_1
D:15:     gammafunk_enter_depths_forms, minmay_parallelograms
Temple:   regret_index_temple_waves

Skill      XL: |  1  2  3  4  5  6  7  8  9 10 11 12 13 |
---------------+----------------------------------------+-----
Fighting       | 4 5 6 7 8 10 11 12 13 14 | 14.2
Axes           | 3 4 5 6 7 9 10 11 12 13 | 13.0
Shields        | 6 8 10 11 | 11.6
Armour         | 5 7 9 10 | 10.8

Action                   |  1- 3 |  4- 6 |  7- 9 | 10-12 | 13-15 || total
-------------------------+-------+-------+-------+-------+-------++-------
Melee: War axe           |    42 |   183 |    56 |       |       ||   281
       Kick              |       |    23 |    58 |   197 |    80 ||   358
       Battleaxe         |       |       |   121 |   402 |   147 ||   670
Invok: Bend Time         |       |       |       |     1 |     3 ||     4
 Abil: Dig               |       |       |     2 |     3 |     1 ||     6
  Use: Scroll            |       |     5 |    11 |     6 |     3 ||    25
       Potion            |       |     1 |     2 |       |     4 ||     7
 Stab: Sleeping          |       |       |       |     2 |       ||     2
  Eat: Ration            |       |     2 |     2 |     2 |     1 ||     7
       Chunk             |       |     1 |       |     3 |       ||     4
Armor: Scale mail        |    16 |    74 |    16 |       |       ||   106
       Ring mail         |       |       |    40 |   112 |    48 ||   200
Dodge: Dodged            |     8 |    75 |    55 |   125 |    57 ||   320
Block: Shield            |    20 |   112 |    83 |   318 |   174 ||   707

Table legend:
 A = Spawn XP
 B = Non-spawn XP
 C = Spawn XP percentage of total XP
 D = Spawn monster count
 E = Non-spawn monster count
 F = Spawn count percentage of total count
 G = Total turns spent on level
                    A         B        C        D         E        F      G
               +---------+---------+-------+---------+---------+-------+---------
         Total |       0 |   43758 |   0.0 |       0 |     403 |   0.0 | 11647
               +---------+---------+-------+---------+---------+-------+---------
           D:1 |       0 |      27 |   0.0 |       0 |      16 |   0.0 |   691
           D:2 |       0 |     174 |   0.0 |       0 |      27 |   0.0 |   782
           D:3 |       0 |     289 |   0.0 |       0 |      40 |   0.0 |   960
           D:4 |       0 |     981 |   0.0 |       0 |      24 |   0.0 |   895
           D:5 |       0 |     609 |   0.0 |       0 |       7 |   0.0 |  1015
           D:6 |       0 |    1676 |   0.0 |       0 |      35 |   0.0 |   987
           D:7 |       0 |     861 |   0.0 |       0 |      18 |   0.0 |   442
           D:8 |       0 |    3137 |   0.0 |       0 |      24 |   0.0 |   709
           D:9 |       0 |    2282 |   0.0 |       0 |      28 |   0.0 |   689
          D:10 |       0 |    4796 |   0.0 |       0 |      37 |   0.0 |   697
          D:11 |       0 |    6879 |   0.0 |       0 |      63 |   0.0 |   868
          D:12 |       0 |    4193 |   0.0 |       0 |      28 |   0.0 |   844
          D:13 |       0 |    7103 |   0.0 |       0 |      22 |   0.0 |   794
          D:14 |       0 |    9979 |   0.0 |       0 |      28 |   0.0 |   984
          D:15 |       0 |     650 |   0.0 |       0 |       5 |   0.0 |   187
        Temple |       0 |     122 |   0.0 |       0 |       1 |   0.0 |   103
               +---------+---------+-------+---------+---------+-------+---------
